 Dungeon Crawl Stone Soup version 0.25-a0-265-g7af84ae (webtiles) character file.

Game seed: 16073042422205995005, levelgen mode: deterministic

8838 Dietz the Frost Mage (level 11, -18/102 HPs)
             Began as a Merfolk Ice Elementalist on Dec 7, 2019.
             Was a Priest of Fedhas.
             Demolished by Snorg (20 damage)
             ... on level 3 of the Lair of Beasts.
             The game lasted 00:53:26 (14685 turns).

Dietz the Frost Mage (Merfolk Ice Elementalist)    Turns: 14685, Time: 00:53:26

Health: -18/102    AC:  7    Str: 15    XL:     11   Next: 37%
Magic:  7/32       EV: 13    Int: 21    God:    Fedhas [***...]
Gold:   292        SH:  0    Dex: 14    Spells: 12/26 levels left

rFire    . . .     SeeInvis .   p - +0 trident
rCold    + . .     Gourm    .   (no shield)
rNeg     . . .     Faith    .   E - +2 robe {MR+}
rPois    +         Spirit   .   z - +0 helmet
rElec    .         Reflect  .   i - +0 cloak
rCorr    .         Harm     .   (no gloves)
MR       +....                  r - +0 pair of boots
Stlth    ..........             u - amulet of magic regeneration
HPRegen  0.27/turn              q - ring of magical power
MPRegen  0.48/turn              P - ring "Gevuenwuta" {+Fly rPois rC+ Int+4}

@: berserking, very slightly contaminated, invisible, very quick
A: change form in water, swift swim, stealthy swim
a: Wall of Briars, Grow Ballistomycete, Renounce Religion, Evoke Flight


You were on level 3 of the Lair of Beasts.
You worshipped Fedhas.
Fedhas was most pleased with you.
You were not hungry.

You visited 3 branches of the dungeon, and saw 14 of its levels.

You collected 666 gold pieces.
You spent 374 gold pieces at shops.

Inventory:

Hand Weapons
 p - a +0 trident (weapon)
 C - a +1 glaive of flaming
Armour
 i - a +0 cloak (worn)
 r - a +0 pair of boots (worn)
 z - a +0 helmet (worn)
 D - a +0 troll leather armour
 E - a +2 robe of magic resistance (worn)
Jewellery
 a - a +3 ring of protection
 k - an uncursed ring of protection from fire
 q - a ring of magical power (left hand)
 u - an amulet of magic regeneration (around neck)
 F - a +4 ring of evasion
 L - an uncursed ring of resist corrosion
 M - a +2 ring of slaying
 P - the ring "Gevuenwuta" (right hand) {+Fly rPois rC+ Int+4}
   (You found it on level 2 of the Lair of Beasts)

   [ring of protection from cold]

   It affects your intelligence (+4).
   It protects you from cold.
   It protects you from poison.
   It lets you fly.
Wands
 B - a wand of iceblast (3)
 K - a wand of flame (25)
 O - a wand of acid (8)
Scrolls
 b - a scroll of blinking {unknown}
 d - a scroll of magic mapping {unknown}
 e - 2 scrolls of fear
 f - 2 scrolls of enchant armour
 j - 11 scrolls of remove curse
 n - 6 scrolls of teleportation
 s - a scroll of silence {unknown}
 w - a scroll of noise {unknown}
 x - a scroll of summoning {unknown}
 y - a scroll of amnesia
 G - a scroll of random uselessness {unknown}
 H - a scroll of fog {unknown}
 J - a scroll of acquirement {unknown}
 Q - 3 scrolls of identify
Potions
 l - 4 potions of flight
 m - 2 potions of agility
 o - a potion of brilliance
 t - a potion of cancellation
 v - a potion of curing
 A - a potion of lignification
 I - a potion of mutation
 N - 2 potions of might {unknown}
Comestibles
 c - 20 rations


   Skills:
 + Level 11.6 Polearms
 + Level 3.1 Dodging
 - Level 3.2 Stealth
 - Level 8.2 Spellcasting
 - Level 4.0 Charms
 + Level 13.1 Ice Magic
 + Level 0.4 Invocations


You had 12 spell levels left.
You knew the following spells:

 Your Spells              Type           Power        Failure   Level  Hunger
a - Freeze                Ice            ####         1%          1    None
b - Ozocubu's Armour      Chrm/Ice       #####...     1%          3    None
c - Hailstorm             Conj/Ice       #####...     5%          4    ###....
d - Summon Ice Beast      Ice/Summ       #####...     5%          4    ###....
e - Swiftness             Chrm/Air       ###.....     5%          2    None

Your spell library contained the following spells:

 Spells                   Type           Power        Failure   Level  Hunger
 Shock                    Conj/Air       #...         8%          1    None
 Static Discharge         Conj/Air       #.......     24%         3    None
 Airstrike                Air            #.........   61%         4    ###....
 Iskenderun's Battlesphe  Conj/Chrm      ###.....     67%         5    #####..
 Bolt of Magma            Conj/Fire/Erth #.........   91%         5    #####..
 Lightning Bolt           Conj/Air       #.........   91%         5    #####..
 Iron Shot                Conj/Erth      #.........   100%        6    ######.
 Orb of Destruction       Conj           #.........   100%        7    #######
 Spellforged Servitor     Conj/Summ      #.........   100%        7    #######


Dungeon Overview and Level Annotations

Branches:
Dungeon (10/15)            Temple (1/1) D:4            Lair (3/6) D:9
  Swamp: Lair:2-4    Shoals: Lair:2-4     Snake: Lair:2-4    Spider: Lair:2-4
    Orc: D:9-12

Altars:
Ashenzari
Cheibriados
Dithmenos
Elyvilon
Fedhas
Gozag
Hepliaklqana
Kikubaaqudgha
Makhleb
Nemelex Xobeh
Okawaru
Qazlal
Ru
Sif Muna
Trog
Uskayaw
Vehumet
Wu Jian
Xom
Yredelemnul
Zin
The Shining One

Shops:
D:9 =*([=

Annotations:
Lair:2 Gastronok
Lair:3 Snorg


Message History

Your briar patch disappears in a puff of smoke!
Snorg barely misses you. Snorg misses you. Snorg closely misses you.
Snorg completely misses you. Snorg misses you. Snorg barely misses you.
Press: ? - help, v - describe, . - travel
Here: Snorg (severely wounded, berserk, fast, unusually strong)
The floor.
Okay, then.
Okay, then.
Snorg bites you!
* * * LOW HITPOINT WARNING * * *
Snorg claws you but does no damage. x2
A red film seems to cover your vision as you go berserk!
You feel yourself moving faster!
You feel mighty! Snorg closely misses you. Snorg claws you!
* * * LOW HITPOINT WARNING * * *
Snorg barely misses you.
You feel a strong urge to attack something.
Snorg bites you!!
You die...
Fedhas appreciates your contribution to the ecosystem.

#....... ..# ##....... ##.#
#.......## P.# P #.......
##.###### ..
#......#######..#..#P###..(
#....§.##.#P###...........
##....P.(..................
#....P§.........@.....##
#....PPP.......T.......#
#...P##.##............P#
##..†########.........##
#...## #.##P###..# ##..#
##.#### #..# #..## #P.##
#...# #...# ##..#####...#
#...# #....>......


You could see Snorg (berserk).

Vanquished Creatures
  A hydra (Lair:2)
  A two-headed ogre (D:9)
  A spiny frog (Lair:1)
  2 komodo dragons
  A troll (D:10)
  4 hippogriffs
  A spriggan (D:7)
  A wyvern (Lair:2)
  A yak (D:9)
  5 water moccasins
  4 porcupines
  2 orc warriors
  2 ice beasts
  A black bear (D:10)
  A phantom (D:6)
  An eye of draining (D:10)
  3 centaurs
  6 ogres
  7 crocodiles
  11 bullfrogs
  3 scorpions
  A wyvern skeleton (D:8)
  3 killer bees (D:10)
  2 howler monkeys
  4 crimson imps
  A bullfrog zombie (D:5)
  7 orc wizards
  2 orc priests
  2 hounds
  A jelly (D:7)
  2 centaur skeletons (D:10)
  Jessica (D:2)
  2 iguanas
  A bullfrog skeleton (D:5)
  4 worker ants
  A howler monkey zombie (D:7)
  Robin (D:4)
  4 gnolls (D:5)
  3 worker ant zombies
  10 adders
  2 adder skeletons
  2 worms
  2 dart slugs (D:2)
  9 leopard geckos
  25 orcs
  A ball python (D:5)
  7 giant cockroaches
  15 goblins
  11 hobgoblins
  10 jackals
  5 kobolds
  A quokka (D:8)
  4 bats
  A frilled lizard (D:2)
  A jackal skeleton (D:5)
  2 quokka skeletons
  6 rats
215 creatures vanquished.

Vanquished Creatures (collateral kills)
  A hornet (D:10)
  An adder zombie (D:9)
2 creatures vanquished.

Vanquished Creatures (others)
  A water moccasin (Lair:2)
  4 fungi (D:9)
  A plant (Lair:2)
6 creatures vanquished.

Grand Total: 223 creatures vanquished

Notes
Turn   | Place    | Note
-------+----------+-------------------------------------------
     0 | D:1      | Dietz the Merfolk Ice Elementalist began the quest for the
                  | Orb.
     0 | D:1      | Reached XP level 1. HP: 13/13 MP: 3/3
   190 | D:1      | Reached XP level 2. HP: 16/19 MP: 0/5
  1028 | D:1      | Reached XP level 3. HP: 23/24 MP: 4/6
  1405 | D:2      | Learned a level 3 spell: Ozocubu's Armour
  1451 | D:2      | Noticed Jessica
  1457 | D:2      | Killed Jessica
  1480 | D:2      | Reached skill level 5 in Ice Magic
  1480 | D:2      | Reached XP level 4. HP: 25/30 MP: 2/8
  2054 | D:2      | Found a snail-covered altar of Cheibriados.
  2345 | D:2      | Found a faded altar of an unknown god.
  2412 | D:3      | Found a burning altar of Makhleb.
  2462 | D:3      | Found a sacrificial altar of Ru.
  2465 | D:3      | Found a bloodstained altar of Trog.
  2469 | D:3      | Found a basalt altar of Yredelemnul.
  2539 | D:3      | Noticed a bullfrog
  2546 | D:3      | Killed a bullfrog
  2546 | D:3      | Reached XP level 5. HP: 23/35 MP: 10/10
  2860 | D:3      | Learned a level 4 spell: Hailstorm
  3604 | D:4      | Noticed Robin
  3621 | D:4      | Reached skill level 6 in Ice Magic
  3626 | D:4      | Reached XP level 6. HP: 34/41 MP: 11/11
  3802 | D:4      | Killed Robin
  4056 | D:4      | Found a staircase to the Ecumenical Temple.
  4065 | Temple   | Entered the Ecumenical Temple
  4196 | Temple   | Became a worshipper of Fedhas Madash
  4299 | D:4      | Got a clouded granite ring
  4301 | D:4      | Identified the ring "Detox" {rPois AC+2 Str+2 Int-5 SInv}
                  | (You found it on level 4 of the Dungeon)
  4668 | D:5      | Entered Level 5 of the Dungeon
  4748 | D:5      | Reached XP level 7. HP: 41/46 MP: 14/14
  5033 | D:5      | Reached skill level 7 in Ice Magic
  5100 | D:5      | Reached skill level 5 in Spellcasting
  5995 | D:5      | Reached * piety under Fedhas
  6436 | D:4      | Learned a level 4 spell: Summon Ice Beast
  7175 | D:6      | Found a shattered altar of Ashenzari.
  7176 | D:6      | Found a sparkling altar of Nemelex Xobeh.
  7232 | D:6      | Reached XP level 8. HP: 42/52 MP: 16/16
  7373 | D:6      | Reached skill level 8 in Ice Magic
  7671 | D:6      | Found a sparkling altar of Nemelex Xobeh.
  8310 | D:7      | Noticed a spriggan baker
  8315 | D:7      | Killed a spriggan baker
  8315 | D:7      | Reached skill level 9 in Ice Magic
  8657 | D:8      | Reached XP level 9. HP: 57/57 MP: 20/20
  8927 | D:8      | Learned a level 2 spell: Swiftness
  9050 | D:8      | Reached skill level 1 in Charms
  9685 | D:9      | Reached skill level 10 in Ice Magic
  9691 | D:9      | Found Ocraz's Weapon Shop.
  9701 | D:9      | Reached ** piety under Fedhas
  9704 | D:9      | Bought a +1 glaive of flaming for 299 gold pieces
  9734 | D:9      | Noticed a two-headed ogre
  9747 | D:9      | Reached skill level 1 in Polearms
  9762 | D:9      | Killed a two-headed ogre
 10034 | D:9      | Reached XP level 10. HP: 20/63 MP: 22/22
 10224 | D:9      | Found a staircase to the Lair.
 10253 | D:9      | Found Otiqemp's Antique Armour Shoppe.
 10275 | D:9      | Found Zytozoch's Jewellery Shop.
 10303 | D:9      | Reached skill level 5 in Polearms
 10703 | D:9      | Reached skill level 11 in Ice Magic
 10749 | D:9      | Found Isejenn's Jewellery Shop.
 10942 | D:9      | Found Irchaerafa's Assorted Antiques.
 10946 | D:9      | Bought a green potion for 23 gold pieces
 10946 | D:9      | Bought a scroll labeled QERRE QIUWK for 26 gold pieces
 10946 | D:9      | Bought a scroll labeled HIGRIN SAWA for 26 gold pieces
 10998 | D:10     | Entered Level 10 of the Dungeon
 11468 | D:10     | Found a basalt altar of Yredelemnul.
 11692 | D:10     | Reached *** piety under Fedhas
 11937 | D:10     | Noticed an orc knight
 11937 | D:10     | Noticed a +5 long sword
 11945 | D:10     | Noticed an orc knight
 12011 | Lair:1   | Entered Level 1 of the Lair of Beasts
 12084 | Lair:1   | Noticed a spiny frog
 12106 | Lair:1   | Killed a spiny frog
 12106 | Lair:1   | Reached skill level 12 in Ice Magic
 12848 | Lair:1   | Reached skill level 10 in Polearms
 13053 | Lair:2   | Reached XP level 11. HP: 49/68 MP: 21/23
 13143 | Lair:2   | Got a coiled glass ring
 13157 | Lair:2   | Identified the ring "Gevuenwuta" {+Fly rPois rC+ Int+4}
                  | (You found it on level 2 of the Lair of Beasts)
 13914 | Lair:2   | Noticed Gastronok
 14024 | Lair:2   | Noticed an oklob plant
 14025 | Lair:2   | Noticed a six-headed hydra
 14026 | Lair:2   | Noticed an oklob plant
 14046 | Lair:2   | Killed a six-headed hydra
 14046 | Lair:2   | Reached skill level 13 in Ice Magic
 14621 | Lair:3   | Noticed Snorg
 14683 | Lair:3   | HP: 2/102 [Snorg (11)]
 14685 | Lair:3   | Demolished by Snorg

Levels and vault maps discovered:
D:1:      scummos_arrival_star, layout_loops_ring, serial_forest,
          infiniplex_forest_end_2, infiniplex_forest_fountain,
          infiniplex_forest_side_room, infiniplex_forest_lined_room_3,
          infiniplex_forest_clump_tiny, kennysheep_another_room
D:2:      layout_loops_ring, kennysheep_slug_shrine, serial_forest,
          infiniplex_forest_diagonal, infiniplex_forest_lined_corner,
          infiniplex_forest_clump_long, infiniplex_forest_straight_2,
          infiniplex_forest_straight_5, infiniplex_forest_straight_2,
          infiniplex_forest_straight_2, infiniplex_forest_end_3,
          chequers_ecumenical_altar_twisty, uniq_jessica
D:3:      layout_loops_ring, grunt_temple_overflow_open, first_ration,
          bloody_makhleb
D:4:      layout_basic, minmay_temple_entry_enclosed_plants,
          chequers_serial_rivers_small_3, uniq_robin
D:5:      layout_loops_ring, fountainhead
D:6:      layout_loops_ring, gammafunk_temple_overflow_pools,
          nemelex_lonely_heart_becter
D:7:      layout_basic, the_bakery
D:8:      layout_gridville
D:9:      layout_loops_ring, grunt_lair_entry_orc_guard_hut, serial_shops, shop,
          nicolae_shop_statue_plus, nicolae_shop_stone, kennysheep_mini,
          nicolae_shop_statue_plus, kennysheep_opposing_triangles
D:10:     layout_roguey, basic_altar, nicolae_transmutations_shop,
          sword_in_stone, uniq_nergalle
Temple:   nicolae_temple_elliptical
Lair:1:   layout_long_grid
Lair:2:   layout_chaotic_city, minmay_shoals_entry_lonely_mermaid,
          chequers_serial_rivers_micro_a, minmay_lair_oklob_chamber,
          uniq_gastronok
Lair:3:   layout_chaotic_city, nicolae_spider_entry_orb_guardian, uniq_snorg

Skill      XL: |  1  2  3  4  5  6  7  8  9 10 11 |
---------------+----------------------------------+-----
Dodging        | 3 |  3.1
Stealth        | 3 |  3.2
Ice Magic      | 5 6 7 9 10 12 13 | 13.1
Spellcasting   | 3 4 5 7 8 |  8.2
Charms         | 4 |  4.0
Polearms       | 4 10 11 | 11.6
Invocations    | |  0.4

Action                   |  1- 3 |  4- 6 |  7- 9 | 10-12 || total
-------------------------+-------+-------+-------+-------++-------
Melee: Unarmed           |    10 |       |       |       ||    10
       Club              |     6 |    38 |       |       ||    44
       Morningstar       |       |    24 |       |       ||    24
       Spear             |       |     1 |   162 |       ||   163
       Trident           |       |       |    31 |    50 ||    81
 Cast: Freeze            |    37 |   112 |   176 |   145 ||   470
       Ozocubu's Armour  |       |     3 |    23 |    18 ||    44
       Summon Ice Beast  |       |       |     4 |     2 ||     6
       Hailstorm         |       |       |     3 |    47 ||    50
       Swiftness         |       |       |     1 |       ||     1
Invok: Wall of Briars    |       |       |     2 |     3 ||     5
Evoke: Wand              |       |       |     4 |     4 ||     8
  Use: Scroll            |       |     2 |    11 |     5 ||    18
       Potion            |       |       |       |     5 ||     5
 Stab: Sleeping          |     1 |     4 |     5 |     1 ||    11
       Distracted        |       |       |     1 |     1 ||     2
  Eat: Chunk             |     3 |    10 |    13 |    16 ||    42
       Ration            |       |       |     2 |     1 ||     3
Armor: Robe              |    10 |    21 |   103 |    57 ||   191
Dodge: Dodged            |    34 |    79 |   213 |   141 ||   467

Table legend:
 A = Non-vault XP
 B = Vault XP
 C = Vault XP percentage of total XP
 D = Non-vault monster count
 E = Vault monster count
 F = Vault count percentage of total count
                 A         B        C        D         E       F
            +---------+---------+-------+---------+---------+-------
      Total |    9540 |    3086 |  24.4 |     192 |      26 |  11.9
            +---------+---------+-------+---------+---------+-------
        D:1 |      41 |       0 |   0.0 |      21 |       0 |   0.0
        D:2 |      65 |      41 |  38.7 |      16 |       2 |  11.1
        D:3 |     164 |       0 |   0.0 |      22 |       0 |   0.0
        D:4 |     232 |      36 |  13.4 |       9 |      12 |  57.1
        D:5 |     515 |       0 |   0.0 |      26 |       0 |   0.0
        D:6 |     322 |       0 |   0.0 |      11 |       0 |   0.0
        D:7 |     712 |     220 |  23.6 |      12 |       1 |   7.7
        D:8 |     637 |       0 |   0.0 |      12 |       0 |   0.0
        D:9 |     696 |    1589 |  69.5 |      19 |       8 |  29.6
       D:10 |    2429 |       0 |   0.0 |      23 |       0 |   0.0
     Lair:1 |    1388 |       0 |   0.0 |       7 |       0 |   0.0
     Lair:2 |    1939 |    1200 |  38.2 |      12 |       3 |  20.0
     Lair:3 |     400 |       0 |   0.0 |       2 |       0 |   0.0
            +---------+---------+-------+---------+---------+-------
